 Dungeon Crawl Stone Soup version 0.28-a0-1374-ga75cb3825e (webtiles) character file.

Game seed: 3771543400884058332

214 freelancePsychic the Nimble (level 5, -4/41 HPs)
             Began as a Gnoll Wanderer on Jan 1, 2022.
             Killed from afar by Ijyb (44 damage)
             ... with a bolt of acid
             ... on level 3 of the Dungeon.
             The game lasted 00:05:32 (3106 turns).

freelancePsychic the Nimble (Gnoll Wanderer)        Turns: 3106, Time: 00:05:32

Health: -4/41      AC:  6    Str: 11    XL:     5   Next: 92%
Magic:  7/7        EV: 13    Int:  9    God:
Gold:   158        SH:  0    Dex: 16    Spells: 7/7 levels left

rFire   . . .      SeeInvis .   e - +1 dagger (elec)
rCold   . . .      Faith    .   (no shield)
rNeg    . . .      Spirit   .   f - +0 scale mail
rPois   .          Reflect  .   (no helmet)
rElec   .          Harm     .   (no cloak)
rCorr   .          Rampage  .   (no gloves)
Will    .....                   (no boots)
Stlth   +.........              m - amulet of regeneration
HPRegen 0.93/turn               (no ring)
MPRegen 0.10/turn               (no ring)

@: no status effects
A: fangs 1, strong nose, distributed training
a: no special abilities


You were on level 3 of the Dungeon.
You visited 1 branch of the dungeon, and saw 3 of its levels.

You collected 158 gold pieces.

Inventory:

Hand Weapons
 a - a +0 falchion
 e - a +1 dagger of electrocution (weapon)
 o - a +3 dagger
Armour
 f - a +0 scale mail (worn)
Jewellery
 m - an amulet of regeneration (around neck)
Scrolls
 c - a scroll of amnesia {unknown}
 g - a scroll of immolation {unknown}
 h - 2 scrolls of teleportation {@r4}
 i - a scroll of fear {unknown}
 j - a scroll of vulnerability {unknown}
 k - a scroll of acquirement {unknown}
 n - a scroll of magic mapping {unknown}
Potions
 l - a potion of cancellation {unknown}
 p - 2 potions of brilliance {unknown}
Miscellaneous
 d - a piece from Xom's chessboard (15/15)


   Skills:
 + Level 3.1 Fighting
 + Level 1.7 Short Blades
 + Level 3.1 Long Blades
 + Level 1.7 Axes
 + Level 1.7 Maces & Flails
 + Level 1.7 Polearms
 + Level 1.7 Staves
 + Level 1.7 Slings
 + Level 1.7 Bows
 + Level 1.7 Crossbows
 + Level 3.1 Throwing
 + Level 1.7 Armour
 + Level 10.5 Dodging
 + Level 2.9 Stealth
 + Level 1.7 Shields
 + Level 1.7 Unarmed Combat
 + Level 1.7 Spellcasting
 + Level 1.3 Conjurations
 + Level 1.3 Hexes
 + Level 1.3 Summonings
 + Level 1.3 Necromancy
 + Level 1.3 Translocations
 + Level 1.3 Transmutations
 + Level 1.3 Fire Magic
 + Level 1.3 Ice Magic
 + Level 1.3 Air Magic
 + Level 1.3 Earth Magic
 + Level 1.3 Poison Magic
 + Level 1.9 Invocations
 + Level 3.1 Evocations


You had 7 spell levels left.
You didn't know any spells.
Your spell library was empty.

Dungeon Overview and Level Annotations

Branches:
Dungeon (3/15)

Altars:

Shops:
D:2 [

Annotations:
D:3 Ijyb


Innate Abilities, Weirdness & Mutations

You have very sharp teeth.
Your uncanny sense of smell can sniff out nearby items.
Your experience applies equally to all skills.


Message History

No target in view!
No target in view!
No target in view!
No target in view!
There is an open door here.
You open the door.
A hobgoblin comes into view.
A hobgoblin is nearby!
A hobgoblin is nearby!
The hobgoblin shouts!
There is an open door here.
You hit the hobgoblin.
The hobgoblin is moderately wounded.
The hobgoblin hits you but does no damage.
You hit the hobgoblin.
You kill the hobgoblin!
No target in view!
No target in view!
No target in view!
No target in view!
No target in view!
No target in view!
No target in view!
No target in view!
You open the door.
There is an open door here.
There is an open door here.
You now have 158 gold pieces (gained 9).
You open the door.
Key pressed, stopping explore.
Ijyb is nearby!
Ijyb is nearby!
You throw a throwing net. The throwing net barely misses Ijyb.
You throw a throwing net. The throwing net closely misses Ijyb.
You barely miss Ijyb. Ijyb hits you with a +0 club.
You closely miss Ijyb.
Ijyb zaps a wand.
The bolt of acid hits you!!!
Ouch! That really hurt!
You die...

#.#########...........#..........
..........'.........(.#....#.....
#o#########...........#....#.....
#.# #...........#..........
#.#########......................
..g..o................#....##...#
##########()..........#....##...#
#............#....##....
#.#'#(g@.....#....##..##
##'#'#'###....#....##..#
#........#....#....'...#
#........#....##...#...#
#........#....##...#...#
#......†.####.####.....##
#........####.# #..)...# #...
#........'....# #......#
#...##........###### #.......


You could see Ijyb.

Vanquished Creatures
  4 orc wizards (D:3)
  3 adders
  4 dart slugs
  6 orcs (D:3)
  4 endoplasms
  5 goblins
  10 hobgoblins
  3 jackals (D:3)
  A quokka (D:2)
  9 ball pythons
  7 bats
  4 frilled lizards
  9 kobolds
  4 rats
73 creatures vanquished.

Notes
Turn   | Place    | Note
-------+----------+-------------------------------------------
     0 | D:1      | Reached skill level 10 in Dodging
     0 | D:1      | freelancePsychic the Gnoll Wanderer began the quest for the
                  | Orb.
     0 | D:1      | freelancePsychic set off with the following items: a +0
                  | falchion, 3 throwing nets, a +0 leather armour, a piece
                  | from Xom's chessboard (15/15)
     0 | D:1      | Reached XP level 1. HP: 17/17 MP: 1/1
   274 | D:1      | Reached XP level 2. HP: 21/23 MP: 2/2
   772 | D:1      | Reached XP level 3. HP: 28/28 MP: 3/3
  1085 | D:1      | Found a faded altar of an unknown god.
  1228 | D:1      | Reached skill level 1 in Invocations
  1420 | D:1      | Reached skill level 1 in Short Blades
  1420 | D:1      | Reached skill level 1 in Axes
  1420 | D:1      | Reached skill level 1 in Maces & Flails
  1420 | D:1      | Reached skill level 1 in Polearms
  1420 | D:1      | Reached skill level 1 in Staves
  1420 | D:1      | Reached skill level 1 in Slings
  1420 | D:1      | Reached skill level 1 in Bows
  1420 | D:1      | Reached skill level 1 in Crossbows
  1420 | D:1      | Reached skill level 1 in Armour
  1420 | D:1      | Reached skill level 1 in Shields
  1420 | D:1      | Reached skill level 1 in Unarmed Combat
  1420 | D:1      | Reached skill level 1 in Spellcasting
  1654 | D:2      | Reached XP level 4. HP: 34/34 MP: 5/5
  1995 | D:2      | Reached skill level 1 in Conjurations
  1995 | D:2      | Reached skill level 1 in Hexes
  1995 | D:2      | Reached skill level 1 in Summonings
  1995 | D:2      | Reached skill level 1 in Necromancy
  1995 | D:2      | Reached skill level 1 in Translocations
  1995 | D:2      | Reached skill level 1 in Transmutations
  1995 | D:2      | Reached skill level 1 in Fire Magic
  1995 | D:2      | Reached skill level 1 in Ice Magic
  1995 | D:2      | Reached skill level 1 in Air Magic
  1995 | D:2      | Reached skill level 1 in Earth Magic
  1995 | D:2      | Reached skill level 1 in Poison Magic
  2184 | D:2      | Found Bapak's Armour Emporium.
  2230 | D:3      | Noticed Ijyb
  2355 | D:3      | Reached XP level 5. HP: 34/40 MP: 6/6
  3106 | D:3      | Killed from afar by Ijyb

Illustrated notes

Levels and vault maps discovered:
D:1:      dpeg_arrival_long_road, layout_loops_ring,
          ebering_ecumenical_altar_webs, kennysheep_pointless_box
D:2:      layout_basic, serial_shops, nicolae_shop_behind_doors
D:3:      layout_basic, uniq_ijyb

Skill      XL: |  1  2  3  4  5 |
---------------+----------------+-----
Dodging        | | 10.5
Invocations    | 1 |  1.9
Short Blades   | 1 |  1.7
Axes           | 1 |  1.7
Maces & Flails | 1 |  1.7
Polearms       | 1 |  1.7
Staves         | 1 |  1.7
Slings         | 1 |  1.7
Bows           | 1 |  1.7
Crossbows      | 1 |  1.7
Armour         | 1 |  1.7
Shields        | 1 |  1.7
Unarmed Combat | 1 |  1.7
Spellcasting   | 1 |  1.7
Conjurations   | 1 |  1.3
Hexes          | 1 |  1.3
Summonings     | 1 |  1.3
Necromancy     | 1 |  1.3
Translocations | 1 |  1.3
Transmutations | 1 |  1.3
Fire Magic     | 1 |  1.3
Ice Magic      | 1 |  1.3
Air Magic      | 1 |  1.3
Earth Magic    | 1 |  1.3
Poison Magic   | 1 |  1.3
Fighting       | 3 |  3.1
Long Blades    | 3 |  3.1
Throwing       | 3 |  3.1
Evocations     | 3 |  3.1
Stealth        | |  2.9

Action                   |  1- 3 |  4- 6 || total
-------------------------+-------+-------++-------
Melee: Falchion          |    15 |       ||    15
       Dagger            |   129 |   143 ||   272
       Bite              |     8 |     9 ||    17
Throw: Throwing net      |     4 |     2 ||     6
  Use: Scroll            |     1 |     3 ||     4
 Stab: Held in net/web   |     1 |       ||     1
Armor: Leather armour    |     5 |       ||     5
       Scale mail        |    81 |    54 ||   135
Dodge: Dodged            |   104 |    76 ||   180

Table legend: (Time is in decaauts)
 A = Elapsed time spent in this place.
 B = Non-inter-level travel time spent in this place.
 C = Inter-level travel time spent in this place.
 D = Time resting spent in this place.
 E = Time spent auto-exploring this place.
 F = Levels seen in this place.
 G = Mean time per level.
                   A        B        C        D        E       F      G
               +--------+--------+--------+--------+--------+-----+--------+
         Total |   3097 |   3020 |     77 |    156 |   2239 |   3 | 1032.3 |
       Dungeon |   3097 |   3020 |     77 |    156 |   2239 |   3 | 1032.3 |
               +--------+--------+--------+--------+--------+-----+--------+

Top non-repeatable levels by time:
     D:1: 1579 daAuts
     D:3: 860 daAuts
     D:2: 658 daAuts
